AoeStats
← SHAKUR

Arabia

510018995Analyzed
1v1 RM · 3d ago on Sep 29, 2026· 59m 11s· 2 players
Game mode
Random Map
Map size
Tiny (2 player)
Population
200
Speed
Normal
Resources
Standard
Victory
Conquest
Starting age
Dark Age
Ending age
Imperial Age
RankedLock teamsTeams togetherTeam positionsShared explorationLock speedFull tech treeHidden civsTurbo modeCheats
Victory
Defeat
🇦🇷 Lithuanians · Argentina
1103
+15
🇦🇷 Aztecs · Argentina
1090
-15
Medusinnn
6:59 Loom
9:31 Feudal Age
12:07 Double-Bit Axe
12:16 Gold Mining
19:16 Forging
19:17 Fletching
24:00 Castle Age
23:10 Horse Collar
25:04 Eagle Warrior
25:49 Squires
26:13 Forging
26:04 Scale Mail Armor
27:02 Bow Saw
28:44 Sanctity
28:37 Fervor
29:42 Pikeman
32:01 Wheelbarrow
31:11 Town Watch
32:33 Iron Casting
33:28 Elite Skirmisher
38:34 Chain Mail Armor
43:49 Hand Cart
45:57 Stone Mining
SHAKUR
6:22 Loom
9:34 Feudal Age
10:17 Double-Bit Axe
10:20 Town Watch
16:19 Gold Mining
18:33 Fletching
24:56 Castle Age
24:03 Bloodlines
24:18 Padded Archer Armor
24:37 Forging
24:17 Horse Collar
25:07 Forging
25:24 Scale Barding Armor
29:32 Wheelbarrow
29:30 Scale Barding Armor
29:28 Husbandry
30:02 Crossbowman
30:42 Bodkin Arrow
31:48 Heavy Plow
31:59 Bow Saw
43:26 Imperial Age
43:52 Chain Barding Armor
43:42 Cavalier
45:48 Plate Barding Armor
45:29 Hand Cart
45:17 Town Patrol
46:37 Iron Casting
48:21 Bracer
47:47 Paladin
48:51 Thumb Ring
51:31 Leather Archer Armor
52:57 Ballistics
58:31 Conscription
Connection lost

Rejoining the realm…

Still unreachable

The connection could not be restored.

Session expired

The server has moved on; the page needs a fresh start.